 Dungeon Crawl Stone Soup version 0.18.1-48-g4cf74bf (webtiles) character file.

298 Alarkh the Shooter (level 6, -9/44 HPs)
             Began as a Mummy Hunter on Aug 14, 2016.
             Was a Follower of Okawaru.
             Mangled by an iguana (13 damage)
             ... on level 5 of the Dungeon.
             The game lasted 00:06:20 (4635 turns).

Alarkh the Shooter (Mummy Hunter)                   Turns: 4635, Time: 00:06:21

Health: -9/44      AC:  3    Str: 15    XL:     6   Next: 13%
Magic:  5/6        EV: 11    Int: 12    God:    Okawaru [*.....]
Gold:   120        SH:  0    Dex: 13    Spells: 0 memorised, 5 levels left

rFire  x . .     SeeInvis .     b - +0 short sword
rCold  + . .     Gourm    .     c - +0 leather armour
rNeg   + + +     Faith    .     (no shield)
rPois  ∞         Spirit   .     (no helmet)
rElec  .         Dismiss  .     (no cloak)
rCorr  .         Reflect  .     (no gloves)
SustAt .         Harm     .     (no boots)
MR     .....                    (no amulet)
Stlth  +.........               (no ring)
                                (no ring)

@: not resistant to hostile enchantments, very unstealthy
A: no food or potions, fire vulnerability, cold resistance 1, negative energy
resistance 3, torment resistance, unbreathing
a: Heroism, Renounce Religion


You were on level 5 of the Dungeon.
You worshipped Okawaru.
Okawaru was aware of your devotion.
You were not hungry.

You visited 1 branch of the dungeon, and saw 5 of its levels.

You collected 120 gold pieces.

Inventory:

Hand Weapons
 a - a +1 shortbow
 b - a +0 short sword (weapon)
Armour
 c - a +0 leather armour (worn)
Scrolls
 e - a scroll of remove curse
 f - a scroll of random uselessness
 h - a scroll of blinking {unknown}
 j - a scroll of enchant armour {unknown}
Books
 d - a book of Enchantments

   Spells                             Type                      Level
   a - Cause Fear                     Hexes                        4
   b - Yara's Violent Unravelling     Hexes/Transmutation          5
   c - Silence                        Hexes/Air                    5
   d - Deflect Missiles               Charms/Air                   6
   e - Haste                          Charms                       6
   f - Discord                        Hexes                        8


   Skills:
 - Level 2.0 Fighting
 + Level 6.2 Bows
 - Level 1.5 Dodging
 - Level 0.7 Stealth


You had 5 spell levels left.
You didn't know any spells.

Dungeon Overview and Level Annotations

Branches:
Dungeon (5/15)
 Temple: D:4-7

Altars:
Dithmenos
Gozag
Okawaru
Xom
Yredelemnul

Annotations:
D:3 OTRawrior's ghost, amateur GrEE


Innate Abilities, Weirdness & Mutations

You do not eat or drink.
Your flesh is vulnerable to fire.
You are immune to poison.
Your flesh is cold resistant.
You are immune to negative energy.
You are immune to unholy pain and torment.
You can survive without breathing.


Message History

The iguana bites you.
* * * LOW HITPOINT WARNING * * *
You hit the iguana.
The iguana is heavily wounded.
The iguana bites you!
* * * LOW HITPOINT WARNING * * *
You completely miss the iguana.
The iguana is heavily wounded.
The iguana misses you.
You hit the iguana but do no damage.
The iguana is heavily wounded.
The iguana misses you.
You completely miss the iguana.
The iguana is heavily wounded.
You feel like a meek peon again. The iguana completely misses you.
You closely miss the iguana.
The iguana is heavily wounded.
The iguana bites you!
You die...

#h ##+###
#.##....#
..#....#
#.#....#
.####.##@###
....?..#l#
.......#h#
......$.h#
?.....#..#
..... #..#
.... #..#
..# #..# #
#..#


You could see an iguana, a hound and a jackal.

Vanquished Creatures
  A howler monkey (D:2)
  2 orc priests
  An orc wizard (D:2)
  Terence (D:2)
  A gnoll (D:1)
  5 adders
  An ooze (D:1)
  A worm (D:2)
  A giant gecko (D:3)
  6 orcs
  3 ball pythons (D:2)
  8 bats
  3 giant cockroaches
  4 goblins
  7 hobgoblins
  9 jackals
  9 kobolds
  4 quokkas
  10 giant newts
  10 rats
87 creatures vanquished.

Notes
Turn   | Place    | Note
--------------------------------------------------------------
     0 | D:1      | Alarkh the Mummy Hunter began the quest for the Orb.
     0 | D:1      | Reached XP level 1. HP: 16/16 MP: 1/1
   147 | D:1      | Reached XP level 2. HP: 17/22 MP: 2/2
   272 | D:1      | Reached skill level 4 in Bows
   301 | D:1      | Reached XP level 3. HP: 13/27 MP: 3/3
  1095 | D:2      | Found an opulent altar of Gozag.
  1144 | D:2      | Found a shimmering altar of Xom.
  1206 | D:2      | Found a faded altar to an unknown god.
  1212 | D:2      | Became a worshipper of Warmaster Okawaru
  1212 | D:2      | Reached * piety under Okawaru
  1417 | D:2      | Noticed Terence
  1457 | D:2      | Killed Terence
  1457 | D:2      | Reached XP level 4. HP: 30/33 MP: 1/4
  1565 | D:2      | Found a basalt altar of Yredelemnul.
  1884 | D:2      | Found a shadowy altar of Dithmenos.
  1943 | D:2      | Reached skill level 5 in Bows
  2068 | D:2      | Reached XP level 5. HP: 25/38 MP: 5/5
  3433 | D:3      | Noticed OTRawrior's ghost (amateur GrEE)
  3552 | D:2      | Reached skill level 6 in Bows
  3874 | D:2      | Reached XP level 6. HP: 41/44 MP: 6/6
  4001 | D:5      | Entered Level 5 of the Dungeon
  4137 | D:5      | Noticed a sky beast
  4289 | D:4      | HP: 2/44 [sky beast (6)]
  4635 | D:5      | Mangled by an iguana

Skill      XL: |  1  2  3  4  5 |
---------------+----------------+-----
Bows           | 4 5 6 |  6.2
Fighting       | |  2.0
Dodging        | |  1.5
Stealth        | |  0.7

Action                   |  1- 3 |  4- 6 || total
-------------------------+-------+-------++-------
Melee: Short sword       |    37 |   220 ||   257
 Fire: Shortbow          |    68 |    43 ||   111
Invok: Heroism           |     1 |     2 ||     3
  Use: Scroll            |       |     4 ||     4
 Stab: Sleeping          |       |     1 ||     1
Armor: Leather armour    |    17 |    87 ||   104
Dodge: Dodged            |    39 |   220 ||   259
